[Event "Titled Tuesday Blitz December 7 2021"]
[White "Riehle, Marco"]
[Black "Donchenko, Alexander"]
[WhiteFideId "12904392"]
[BlackFideId "24603295"]
[WhiteElo "2462"]
[BlackElo "2494"]
[Result "1-0"]
[Round "02"]
[TimeControl "180+1"]
[Date "2021.12.07"]
[WhiteClock "0:01:35"]
[BlackClock "0:00:09"]

1. e4 c6 2. c4 d5 3. exd5 cxd5 4. cxd5 Nf6 5. Nc3 Nxd5 6. Nf3 Nc6 7. Bb5 e6 8. O-O Be7 9. d4 O-O 10. Re1 a6 11. Bd3 b5 12. Nxd5 exd5 13. Bxh7+ Kxh7 14. Qc2+ Kg8 15. Qxc6 Be6 16. Bf4 Qa5 17. Bd2 Qd8 18. Rac1 Bf6 19. h3 Re8 20. Ne5 Qe7 21. a3 Rec8 22. Qb6 Rxc1 23. Rxc1 Bxe5 24. dxe5 Qd8 25. Qxd8+ Rxd8 26. Ba5 Rc8 27. Rxc8+ Bxc8 28. f4 d4 29. Kf2 Bb7 30. g4 g6 31. Kg3 Kf8 32. Bb4+ Ke8 33. f5 gxf5 34. gxf5 d3 35. h4 d2 36. Bxd2 Kf8 37. Kf4 Bc8 38. Bc3 Kg8 39. Kg5 Bd7 40. Kf6 Bc8 41. h5 Kh7 42. Kxf7 Bxf5 43. e6 Kh6 44. e7 Kxh5 45. e8=Q Bg6+ 46. Ke7 Bxe8 47. Kxe8 Kg6 48. Kd7 1-0


[Site "https://www.chess.com"]

[Event "Titled Tuesday Blitz December 7 2021"]
[White "Romero Ruscalleda, Josep"]
[Black "Karacsonyi, Gellert"]
[WhiteFideId "2231859"]
[BlackFideId "764620"]
[WhiteElo "2310"]
[BlackElo "2215"]
[Result "1/2-1/2"]
[Round "02"]
[TimeControl "180+1"]
[Date "2021.12.07"]
[WhiteClock "0:00:09"]
[BlackClock "0:00:07"]

1. e4 c5 2. c3 Nf6 3. e5 Nd5 4. Nf3 e6 5. d4 cxd4 6. cxd4 d6 7. Bd3 Nc6 8. a3 dxe5 9. dxe5 Be7 10. O-O O-O 11. Qe2 Re8 12. Bd2 b6 13. Nc3 Bb7 14. Rfd1 Nxc3 15. Bxc3 Qc7 16. Rac1 Rac8 17. b4 Qb8 18. Bb2 Red8 19. Qe4 g6 20. Qf4 Rd7 21. Ng5 Bxg5 22. Qxg5 Ne7 23. Bb5 Rxd1+ 24. Rxd1 Nd5 25. Bd3 Qc7 26. h4 Qe7 27. Qxe7 Nxe7 28. Rc1 Rxc1+ 29. Bxc1 Bd5 30. f3 Nc6 31. Bb2 Kf8 32. Kf2 Ke7 33. Ke3 a5 34. bxa5 bxa5 35. Bc3 Bb3 36. h5 a4 37. hxg6 hxg6 38. Bb5 Na7 39. Bd3 Nc8 40. Bb4+ Kd7 41. Bb5+ Kc7 42. Be8 g5 43. Bxf7 Kd7 44. g3 Nb6 45. Bc5 Nc4+ 46. Kd4 Nd2 47. f4 gxf4 48. gxf4 Nf3+ 49. Ke3 Nh4 50. Bh5 Kc6 51. Bb4 Ng2+ 52. Kf3 Bd5+ 53. Kg3 Ne3 54. Bf3 Kb5 55. Bxd5 Nxd5 56. Bd6 Ne3 57. Kf3 Nf5 58. Bf8 Kc4 59. Ke4 Ng3+ 60. Ke3 Nf5+ 61. Kf3 Nd4+ 62. Kg4 Kd5 63. Kg5 Ke4 64. Bc5 Ne2 65. Bd6 Nxf4 66. Kf6 Kd5 67. Bb4 Nd3 68. Bd6 Nb2 69. Ke7 Nc4 70. Kd7 Nxe5+ 71. Bxe5 Kxe5 72. Kc6 Kd4 73. Kb5 e5 74. Kxa4 e4 75. Kb3 e3 76. Kc2 Ke4 77. Kd1 Kd3 78. Ke1 Kc4 79. a4 Kb4 80. Ke2 Ka5 81. Kxe3 Kxa4 1/2-1/2


[Site "https://www.chess.com"]

[Event "Titled Tuesday Blitz December 7 2021"]
[White "Rozum, Ivan"]
[Black "Tomaszewski, Kacper"]
[WhiteFideId "24104272"]
[BlackFideId "1127373"]
[WhiteElo "2546"]
[BlackElo "2153"]
[Result "0-1"]
[Round "02"]
[TimeControl "180+1"]
[Date "2021.12.07"]
[WhiteClock "0:00:06"]
[BlackClock "0:00:20"]

1. b3 e5 2. Bb2 Nc6 3. e3 Nge7 4. c4 d5 5. cxd5 Nxd5 6. a3 Be6 7. Qc2 Bd6 8. Nf3 O-O 9. d3 f5 10. Nbd2 f4 11. e4 Nb6 12. b4 a6 13. Kd1 Nd7 14. Be2 Rc8 15. Ke1 Ne7 16. d4 Ng6 17. Bc4 Bxc4 18. Qxc4+ Kh8 19. Ke2 exd4 20. Nxd4 Nde5 21. Qb3 Re8 22. Rhd1 Qh4 23. h3 f3+ 24. N4xf3 Nxf3 25. Qxf3 Rf8 26. Qe3 Bf4 27. Nf3 Bxe3 28. Nxh4 Rxf2+ 29. Kxe3 Rxb2 30. Nxg6+ hxg6 31. Rd2 Rb3+ 32. Rd3 Rb2 33. Rd2 Rb3+ 34. Kf4 Rf8+ 35. Ke5 Re8+ 36. Kf4 Rf8+ 37. Kg4 Re3 38. Rd4 Rf2 39. g3 Rff3 40. Rc1 Rxg3+ 41. Kf4 Rxh3 42. Rxc7 Rxa3 43. Rxb7 g5+ 44. Kxg5 Raf3 45. Rd5 Rhg3+ 46. Kh5 Rg1 47. Rg5 Rh3+ 48. Kg6 Rh6+ 49. Kf5 Rf6+ 50. Ke5 Rxg5+ 51. Kd4 Rd6+ 52. Ke3 Re6 53. Kd4 Rge5 54. Rb8+ Kh7 55. Kc3 Rxe4 56. Rc8 Rg4 57. Kb3 Re3+ 58. Ka4 Ree4 59. Ka5 Rxb4 60. Rc7 Rb1 0-1


[Site "https://www.chess.com"]

[Event "Titled Tuesday Blitz December 7 2021"]
[White "Samadov, Read"]
[Black "Lewtak, Damian"]
[WhiteFideId "13417444"]
[BlackFideId "1141724"]
[WhiteElo "2084"]
[BlackElo "2203"]
[Result "1-0"]
[Round "02"]
[TimeControl "180+1"]
[Date "2021.12.07"]
[WhiteClock "0:01:55"]
[BlackClock "0:01:33"]

1. d4 d6 2. c4 e5 3. Nc3 g6 4. dxe5 dxe5 5. Qxd8+ Kxd8 6. g3 Be6 7. Bg2 c6 8. b3 Nd7 9. Bb2 f6 10. h4 h5 11. Nf3 Nh6 12. Nd2 Bb4 13. a3 Be7 14. Nde4 Nf7 15. O-O-O Kc7 16. f4 Nh6 17. Nd5+ Kd8 18. Ndxf6 1-0


[Site "https://www.chess.com"]

[Event "Titled Tuesday Blitz December 7 2021"]
[White "Sarana, Alexey"]
[Black "Kadam, Om Manish"]
[WhiteFideId "24133795"]
[BlackFideId "45076294"]
[WhiteElo "2672"]
[BlackElo "1729"]
[Result "1-0"]
[Round "02"]
[TimeControl "180+1"]
[Date "2021.12.07"]
[WhiteClock "0:01:55"]
[BlackClock "0:00:21"]

1. d4 Nf6 2. c4 g6 3. Nc3 d5 4. cxd5 Nxd5 5. e4 Nxc3 6. bxc3 Bg7 7. Qa4+ Qd7 8. Bb5 c6 9. Be2 O-O 10. Nf3 c5 11. Qxd7 Nxd7 12. Bg5 Re8 13. O-O b6 14. Bb5 a6 15. Bc6 Ra7 16. Rab1 b5 17. a4 b4 18. cxb4 cxd4 19. b5 axb5 20. axb5 Rc7 21. Ra1 h6 22. Bd2 Bb7 23. Ra7 Rxc6 24. Rxb7 Rd6 25. Bb4 Nf6 26. Bxd6 exd6 27. Nxd4 Nxe4 28. Nc6 Nc3 29. b6 d5 30. Re7 Rf8 31. b7 d4 32. b8=Q Rxb8 33. Nxb8 d3 34. Rd7 Ne2+ 35. Kh1 Nf4 36. g3 1-0


[Site "https://www.chess.com"]

[Event "Titled Tuesday Blitz December 7 2021"]
[White "Saydaliev, Saidakbar"]
[Black "Villalba, Marcelo"]
[WhiteFideId "14203693"]
[BlackFideId "3701859"]
[WhiteElo "2279"]
[BlackElo "2160"]
[Result "1-0"]
[Round "02"]
[TimeControl "180+1"]
[Date "2021.12.07"]
[WhiteClock "0:00:20"]
[BlackClock "0:00:01"]

1. d4 Nf6 2. c4 e6 3. Nc3 d5 4. Nf3 Nbd7 5. Bf4 dxc4 6. e3 a6 7. a4 b6 8. Bxc4 Bb7 9. O-O Bd6 10. Ne5 O-O 11. Qe2 Qb8 12. Rfd1 Rd8 13. e4 Nf8 14. Bg5 Be7 15. Ng4 Re8 16. Bxf6 Bxf6 17. Nxf6+ gxf6 18. Rd3 Kh8 19. Rh3 c5 20. Qf3 Qd8 21. d5 Qe7 22. Rh6 Ng6 23. Qh5 Nf8 24. Qh4 Rad8 25. h3 exd5 26. exd5 Qe5 27. Bd3 1-0


[Site "https://www.chess.com"]

[Event "Titled Tuesday Blitz December 7 2021"]
[White "Shipov, Sergei"]
[Black "Postnikov, Daniil"]
[WhiteFideId "4113624"]
[BlackFideId "4166329"]
[WhiteElo "2756"]
[BlackElo "2261"]
[Result "1-0"]
[Round "02"]
[TimeControl "180+1"]
[Date "2021.12.07"]
[WhiteClock "0:00:21"]
[BlackClock "0:00:04"]

1. d4 Nf6 2. c4 c5 3. d5 b5 4. cxb5 a6 5. e3 g6 6. Nc3 Bg7 7. a4 O-O 8. Nf3 e6 9. dxe6 fxe6 10. Be2 Bb7 11. O-O axb5 12. Bxb5 Ng4 13. e4 Bxc3 14. bxc3 Bxe4 15. Ng5 Bf5 16. h3 Nf6 17. Re1 h5 18. Qd6 Qc8 19. c4 Nc6 20. Bb2 Nd4 21. Bxd4 cxd4 22. Qxd4 Qc7 23. Rad1 Rad8 24. Qd6 Qa5 25. f3 Qc3 26. h4 Ne8 27. Qe7 Ng7 28. Kh2 d5 29. cxd5 Rxd5 30. Ne4 Qe5+ 31. Ng3 Qf4 32. Rxd5 exd5 33. Bc6 d4 34. Bd5+ Kh7 35. Qxf8 Qxh4+ 36. Kg1 Qxg3 37. Re7 Kh6 38. Qxg7+ Kg5 39. Qe5 Qxe5 40. Rxe5 Kf4 41. Rxf5+ gxf5 42. a5 Ke3 43. a6 d3 44. a7 d2 45. Bb3 1-0


[Site "https://www.chess.com"]

[Event "Titled Tuesday Blitz December 7 2021"]
[White "Silich, Yahor"]
[Black "Maksimovic, Bojan"]
[WhiteFideId "13513656"]
[BlackFideId "14408120"]
[WhiteElo "2070"]
[BlackElo "2458"]
[Result "1-0"]
[Round "02"]
[TimeControl "180+1"]
[Date "2021.12.07"]
[WhiteClock "0:00:11"]
[BlackClock "0:00:08"]

1. e4 e5 2. Nf3 Nc6 3. Bc4 g6 4. O-O Bg7 5. c3 Nge7 6. d4 d6 7. h3 O-O 8. Re1 h6 9. Be3 Kh7 10. Nbd2 f5 11. exf5 gxf5 12. dxe5 dxe5 13. Bc5 e4 14. Nh2 Ne5 15. Bb3 Nd3 16. Nxe4 fxe4 17. Bxe7 Qxe7 18. Qxd3 exd3 19. Rxe7 Bf5 20. Nf3 Rae8 21. Rae1 Rxe7 22. Rxe7 c5 23. Rxb7 Be4 24. Rd7 Bxf3 25. gxf3 Rxf3 26. Kg2 Rf4 27. Kg3 Re4 28. Rxd3 Re2 29. Rd7 Rxb2 30. Rxa7 Kg6 31. c4 Be5+ 32. f4 Bd4 33. Re7 Kf5 34. Re8 Rd2 35. Ba4 Rd3+ 36. Kg2 Kxf4 37. Bc6 Rc3 38. Rf8+ Ke3 39. Bd5 Rc2+ 40. Kg3 Rxa2 41. Re8+ Kd2 42. Re6 Kc3 43. Rxh6 Rd2 44. Re6 Rd3+ 45. Kg4 Re3 46. Rxe3+ Bxe3 47. h4 Kd4 48. Kf5 Bh6 49. h5 Be3 50. Kg6 Ke5 51. h6 Kd6 52. Kg7 Ke7 53. h7 Bd4+ 54. Kg8 Bc3 55. h8=Q Bxh8 56. Kxh8 Kd6 57. Kg7 Ke5 58. Kf7 Kd6 59. Kf6 Kc7 60. Ke6 Kb6 61. Kd6 Ka7 62. Kxc5 Kb8 63. Kb6 Kc8 64. Be6+ Kb8 65. c5 Ka8 66. c6 Kb8 67. c7+ 1-0


[Site "https://www.chess.com"]

[Event "Titled Tuesday Blitz December 7 2021"]
[White "Svane, Frederik"]
[Black "Solon, Nathan"]
[WhiteFideId "12923044"]
[BlackFideId "2017229"]
[WhiteElo "2459"]
[BlackElo "2559"]
[Result "1-0"]
[Round "02"]
[TimeControl "180+1"]
[Date "2021.12.07"]
[WhiteClock "0:02:03"]
[BlackClock "0:00:43"]

1. e4 c5 2. Nf3 d6 3. Bb5+ Nd7 4. d4 cxd4 5. Qxd4 a6 6. Bxd7+ Bxd7 7. Nc3 Nf6 8. Bg5 e6 9. O-O-O Be7 10. e5 dxe5 11. Nxe5 Bc6 12. Nxc6 bxc6 13. Bxf6 Bxf6 14. Qc5 Qc7 15. Ne4 Be7 16. Nd6+ Bxd6 17. Rxd6 O-O 18. Qxc6 Qe7 19. Rd7 Qg5+ 20. Kb1 Rab8 21. b3 a5 22. Rhd1 Qf5 23. Qf3 Qc5 24. Qe3 Qa3 25. Qe5 Qb4 26. R7d4 Qb6 27. a4 Qc6 28. Qxb8 Rxb8 29. Rd8+ Qe8 30. Rxe8+ Rxe8 31. Rd7 g5 32. Ra7 Rd8 33. Rxa5 1-0


[Site "https://www.chess.com"]

[Event "Titled Tuesday Blitz December 7 2021"]
[White "Tanenbaum, Zachary"]
[Black "Sadykov, Ramil"]
[WhiteFideId "2060850"]
[BlackFideId "24113590"]
[WhiteElo "2168"]
[BlackElo "2300"]
[Result "0-1"]
[Round "02"]
[TimeControl "180+1"]
[Date "2021.12.07"]
[WhiteClock "0:00:56"]
[BlackClock "0:00:32"]

1. e4 c5 2. Nf3 e6 3. d4 cxd4 4. Nxd4 Nf6 5. Nc3 Nc6 6. Ndb5 Bb4 7. a3 Bxc3+ 8. Nxc3 d5 9. exd5 exd5 10. Qe2+ Be6 11. Bg5 O-O 12. O-O-O Re8 13. Ne4 Bf5 14. Bxf6 gxf6 15. Rxd5 Rxe4 16. Rxd8+ Rxd8 17. Qd2 Rxd2 18. Kxd2 Rd4+ 19. Kc1 Rf4 20. f3 Bg6 21. Be2 Nd4 22. Bd1 Rf5 23. Re1 Rc5 24. c3 Ne6 25. g3 Re5 26. Rf1 Nc5 27. f4 Rd5 28. Bf3 Nb3# 0-1


[Site "https://www.chess.com"]

[Event "Titled Tuesday Blitz December 7 2021"]
[White "Tasev, Dejan"]
[Black "Akbas, Umut Ata"]
[WhiteFideId "936618"]
[BlackFideId "44572646"]
[WhiteElo "2253"]
[BlackElo "1590"]
[Result "1/2-1/2"]
[Round "02"]
[TimeControl "180+1"]
[Date "2021.12.07"]
[WhiteClock "0:00:28"]
[BlackClock "0:00:39"]

1. e4 e5 2. Nf3 Nc6 3. Bc4 Bc5 4. d3 Nf6 5. h3 O-O 6. Nc3 h6 7. Be3 Bb6 8. Bb3 d6 9. Qd2 Na5 10. g4 Nxb3 11. axb3 Bxe3 12. fxe3 d5 13. exd5 Nxd5 14. Nxd5 Qxd5 15. e4 Qc5 16. Kf1 b6 17. Kg2 a5 18. Rhf1 Be6 19. Rf2 f6 20. Qc3 Qxc3 21. bxc3 c5 22. c4 Rfd8 23. Ng1 Rd6 24. Ne2 Bd7 25. Nc3 Bc6 26. Kg3 Kf7 27. h4 Ke7 28. Ra3 Rh8 29. Rf1 h5 30. g5 fxg5 31. hxg5 h4+ 32. Kh2 Rg6 33. Rf5 Kd6 34. Ra1 Bd7 35. Nb5+ Bxb5 36. cxb5 Rh5 37. Rg1 h3 38. Rg3 Ke6 39. c4 Kd6 1/2-1/2


[Site "https://www.chess.com"]

[Event "Titled Tuesday Blitz December 7 2021"]
[White "Terry, Renato"]
[Black "Radovic, Janko"]
[WhiteFideId "3803457"]
[BlackFideId "911518"]
[WhiteElo "2577"]
[BlackElo "2293"]
[Result "1-0"]
[Round "02"]
[TimeControl "180+1"]
[Date "2021.12.07"]
[WhiteClock "0:01:16"]
[BlackClock "0:00:13"]

1. e4 c5 2. Nf3 d6 3. Bb5+ Bd7 4. Bxd7+ Qxd7 5. O-O Nc6 6. c3 Nf6 7. d4 e6 8. d5 Ne5 9. dxe6 Qxe6 10. Nxe5 dxe5 11. Qe2 Be7 12. Bg5 Nd7 13. Be3 O-O 14. a4 f5 15. exf5 Rxf5 16. Nd2 Raf8 17. Qc4 Qxc4 18. Nxc4 Bg5 19. Nd6 Bxe3 20. Nxf5 Bf4 21. Nd6 b6 22. Rad1 Nf6 23. Rfe1 h5 24. g3 Bh6 25. Rxe5 Ng4 26. Re8 Rxe8 27. Nxe8 Ne5 28. Nc7 c4 29. Nb5 Nd3 30. b3 a6 31. bxc4 Nb2 32. Rd8+ Kh7 33. Nd6 Bc1 34. Ra8 a5 35. c5 bxc5 36. Rxa5 c4 37. Rxh5+ Kg6 38. Rc5 Bd2 39. Nxc4 1-0


[Site "https://www.chess.com"]

[Event "Titled Tuesday Blitz December 7 2021"]
[White "Vlassov, Nikolai"]
[Black "Savchenko, Boris"]
[WhiteFideId "4103360"]
[BlackFideId "4147332"]
[WhiteElo "2407"]
[BlackElo "2499"]
[Result "1-0"]
[Round "02"]
[TimeControl "180+1"]
[Date "2021.12.07"]
[WhiteClock "0:00:08"]
[BlackClock "0:00:01"]

1. e4 c5 2. c3 Nf6 3. e5 Nd5 4. d4 cxd4 5. cxd4 d6 6. Bc4 Nb6 7. Bb3 Nc6 8. e6 fxe6 9. Nf3 Na5 10. Bc2 Nd5 11. Ng5 g6 12. Nxh7 Bg7 13. Bxg6+ Kd7 14. Nc3 Qg8 15. Ng5 Nxc3 16. bxc3 Rh6 17. Bf7 Qf8 18. Qg4 Kc7 19. Bxe6 Qf6 20. Bxc8 Rxc8 21. O-O Rch8 22. h3 Rg6 23. Re1 Rf8 24. Ne6+ Kb8 25. Qe2 Rg8 26. Bf4 Qf5 27. Bg3 Bf6 28. Rab1 Qd5 29. Rb5 Qc4 30. Rxa5 Qxc3 31. Rb5 Rxg3 32. fxg3 Qxg3 33. Qe4 b6 34. Rb3 Qh4 35. Qxh4 Bxh4 36. Rf1 Rg6 37. d5 Bf6 38. Rbf3 Kb7 39. g4 Ka6 40. Rb1 Rg8 41. Kg2 Rc8 42. g5 Be5 43. Rf2 Rc3 44. h4 Rg3+ 45. Kf1 Rh3 46. Ke2 Rxh4 47. Rg2 Ra4 48. Rd1 Rxa2+ 49. Rd2 Ra4 50. g6 b5 51. g7 Bxg7 52. Rxg7 Re4+ 53. Kd3 Re5 54. Kd4 b4 55. Rxe7 Rh5 56. Ra2+ Kb6 57. Rexa7 Rh4+ 58. Kd3 b3 59. R2a6+ Kb5 60. Nd4+ Kc5 61. Nxb3+ Kxd5 62. Ra5+ Ke6 63. Ra4 Rh3+ 64. Kc4 Rh1 65. Nd4+ Kf6 66. R4a5 Rc1+ 67. Kd5 Rd1 68. R7a6 Kg5 69. Rxd6 Kf4 70. Rf6+ Kg4 71. Ra4 Kg5 72. Rf8 Kg6 73. Ra7 Re1 74. Raf7 Rd1 75. Rf2 Kg7 76. R8f3 Rg1 77. Ne6+ 1-0


[Site "https://www.chess.com"]

[Event "Titled Tuesday Blitz December 7 2021"]
[White "Vusatiuk, Vladimir"]
[Black "Leiva, Gianmarco"]
[WhiteFideId "14118610"]
[BlackFideId "3804399"]
[WhiteElo "2157"]
[BlackElo "2328"]
[Result "1-0"]
[Round "02"]
[TimeControl "180+1"]
[Date "2021.12.07"]
[WhiteClock "0:00:15"]
[BlackClock "0:00:03"]

1. d4 Nf6 2. c4 e6 3. Nc3 Bb4 4. e3 O-O 5. Nf3 d5 6. Bd2 c6 7. Bd3 Nbd7 8. O-O Qe7 9. a3 Ba5 10. b4 Bc7 11. e4 dxc4 12. Bxc4 e5 13. d5 Nb6 14. Ba2 Bg4 15. dxc6 Rad8 16. cxb7 Rd6 17. Nb5 Rd3 18. Qc2 Rxf3 19. gxf3 Bxf3 20. Qxc7 Nfd7 21. Qc3 Qf6 22. h4 h6 23. Rfc1 Qg6+ 24. Bg5 Qh5 25. Qe3 Qg4+ 26. Kf1 Qg2+ 27. Ke1 hxg5 28. Nd6 gxh4 29. Bxf7+ Rxf7 30. Nxf7 Kxf7 31. Rc7 Kf6 32. Rac1 Kg6 33. R1c6+ Kh5 34. Rxb6 Qh1+ 35. Kd2 Qd1+ 36. Kc3 Nxb6 37. b8=Q Na4+ 38. Kc4 Be2+ 39. Qxe2+ Qxe2+ 40. Kd5 Qd3+ 41. Kxe5 Nb6 42. Qh8+ Kg4 43. Rxg7+ Kh3 44. Rg3+ Qxg3+ 45. fxg3 Nd7+ 46. Kd6 1-0


[Site "https://www.chess.com"]

[Event "Titled Tuesday Blitz December 7 2021"]
[White "Vypkhaniuk, Ihor"]
[Black "Sadhwani, Raunak"]
[WhiteFideId "14112256"]
[BlackFideId "35093487"]
[WhiteElo "2327"]
[BlackElo "2562"]
[Result "1-0"]
[Round "02"]
[TimeControl "180+1"]
[Date "2021.12.07"]
[WhiteClock "0:00:07"]
[BlackClock "0:00:08"]

1. d4 Nf6 2. Nf3 g6 3. Nc3 Bg7 4. e4 d6 5. Be2 O-O 6. O-O a6 7. a4 Nc6 8. h3 e5 9. dxe5 Nxe5 10. Nxe5 dxe5 11. Bg5 Be6 12. Qxd8 Rfxd8 13. Rfd1 Rd4 14. Be3 c5 15. f3 Nh5 16. Bxd4 exd4 17. Nd5 Rd8 18. Bc4 Kf8 19. a5 Bh6 20. b3 f5 21. g4 fxg4 22. fxg4 Bxd5 23. Bxd5 Be3+ 24. Kh1 Nf4 25. Bxb7 h5 26. gxh5 Rd6 27. Rf1 Ke7 28. hxg6 Rxg6 29. Rf3 Nh5 30. Raf1 Ng3+ 31. Rxg3 Rxg3 32. Bxa6 Bd2 33. Kh2 Rg7 34. Bd3 Bxa5 35. Rf5 Bc7+ 36. Kh1 Bd6 37. Rf2 Be5 38. Rg2 Rh7 39. Kg1 Rxh3 40. Kf2 Rh6 41. Ke2 Kd6 42. Rf2 Rh7 43. Rf5 Re7 44. Rf2 Kc7 45. Rg2 Kb6 46. Rg6+ Ka5 47. Bc4 Rh7 48. Bd3 Rh5 49. Kf3 Kb4 50. Kg4 Rh8 51. Kf5 Bc7 52. Rc6 Rh5+ 53. Ke6 Bf4 54. Rb6+ Kc3 55. Rc6 Re5+ 56. Kd7 Kd2 57. Kc8 Ke3 58. Kb7 Bg5 59. Kb6 Bd8+ 60. Kb5 Be7 61. Rc8 Kd2 62. Kc4 Rg5 63. Rc7 Re5 64. Rd7 Kc1 65. Rd5 Re6 66. e5 Kb2 67. Bf5 Rh6 68. Rxc5 Bxc5 69. Kxc5 Rh5 70. Bd3 Kc3 71. Kd5 Rg5 72. Kd6 Kb4 73. e6 Rg8 74. e7 Rh8 75. Kd7 1-0


[Site "https://www.chess.com"]

[Event "Titled Tuesday Blitz December 7 2021"]
[White "Wadsworth, Matthew J"]
[Black "Bacrot, Etienne"]
[WhiteFideId "415804"]
[BlackFideId "605506"]
[WhiteElo "2293"]
[BlackElo "2673"]
[Result "0-1"]
[Round "02"]
[TimeControl "180+1"]
[Date "2021.12.07"]
[WhiteClock "0:00:23"]
[BlackClock "0:00:35"]

1. c4 e5 2. g3 Nf6 3. Bg2 c6 4. d4 exd4 5. Qxd4 d5 6. Nf3 Be7 7. cxd5 cxd5 8. O-O Nc6 9. Qa4 O-O 10. Nc3 Qb6 11. Qb5 Qxb5 12. Nxb5 Bf5 13. Nbd4 Be4 14. Bf4 Rac8 15. Rac1 Nxd4 16. Nxd4 Bc5 17. Nb3 Bb6 18. Be5 Rxc1 19. Rxc1 Bxf2+ 20. Kf1 Be3 21. Rc7 Ng4 22. Bxe4 dxe4 23. Bd6 Rd8 24. h3 Bb6 25. Re7 Ne3+ 26. Ke1 Nf5 0-1


[Site "https://www.chess.com"]

[Event "Titled Tuesday Blitz December 7 2021"]
[White "Weetik, Vjacheslav"]
[Black "Tarlabasi, Emirhan"]
[WhiteFideId "4153472"]
[BlackFideId "6350275"]
[WhiteElo "2469"]
[BlackElo "1949"]
[Result "1-0"]
[Round "02"]
[TimeControl "180+1"]
[Date "2021.12.07"]
[WhiteClock "0:00:16"]
[BlackClock "0:00:09"]

1. Nf3 d5 2. g3 Nf6 3. Bg2 e6 4. O-O c5 5. d4 Nc6 6. c4 cxd4 7. Nxd4 Be7 8. Nc3 O-O 9. cxd5 exd5 10. Bg5 Be6 11. Rc1 h6 12. Be3 Qd7 13. Re1 Rfd8 14. Nxe6 fxe6 15. Na4 d4 16. Bd2 e5 17. Qb3+ Kh8 18. Nc5 Bxc5 19. Rxc5 e4 20. Rec1 Rac8 21. Bf4 b6 22. R5c2 Na5 23. Rxc8 Nxb3 24. Rxd8+ Qxd8 25. axb3 d3 26. exd3 exd3 27. Rd1 Qd4 28. h3 b5 29. Bf1 Ne4 30. Be3 Qxb2 31. Rxd3 Qe5 32. Bxa7 b4 33. Be3 h5 34. Rd8+ Kh7 35. Bd3 g6 36. Bd4 Qxd4 37. Rxd4 Nf6 38. Rxb4 Kh6 39. Rb6 Kg5 40. Rxf6 Kxf6 41. b4 Ke5 42. Bxg6 Kd6 43. Bxh5 Kc6 44. Be2 Kd5 45. h4 1-0


[Site "https://www.chess.com"]

[Event "Titled Tuesday Blitz December 7 2021"]
[White "Yilmaz, Mustafa"]
[Black "Atakhan, Abtin"]
[WhiteFideId "6302718"]
[BlackFideId "22502203"]
[WhiteElo "2568"]
[BlackElo "2119"]
[Result "1-0"]
[Round "02"]
[TimeControl "180+1"]
[Date "2021.12.07"]
[WhiteClock "0:00:05"]
[BlackClock "0:00:04"]

1. c4 e6 2. Nc3 d5 3. d4 Bb4 4. cxd5 exd5 5. Bf4 c6 6. e3 Ne7 7. Bd3 Bf5 8. Ne2 Bxd3 9. Qxd3 Ng6 10. Bg3 h5 11. h3 h4 12. Bh2 Nd7 13. O-O O-O 14. Rad1 Re8 15. a3 Bxc3 16. Nxc3 Nf6 17. Rfe1 Qd7 18. f3 Re6 19. e4 dxe4 20. fxe4 Rae8 21. e5 Nd5 22. Ne4 Ngf4 23. Qf3 Ng6 24. Nc5 Qe7 25. Rc1 Qg5 26. Nxb7 Qd2 27. Qf2 Qxf2+ 28. Kxf2 Rb8 29. Nc5 Rxb2+ 30. Kf3 Re7 31. Rb1 Ra2 32. Rb3 Kh7 33. Ne4 f6 34. Nd6 fxe5 35. dxe5 Re6 36. Re4 Nde7 37. Nf7 Kg8 38. Ng5 Nf8 39. Nxe6 Nxe6 40. Ra4 Nc5 41. Rb8+ Kh7 42. Rxa7 Nd5 43. e6 Nxe6 44. Be5 Kg6 45. Rb2 Ra1 46. Re2 Rf1+ 47. Rf2 Re1 48. Re2 Rf1+ 49. Ke4 Ng5+ 50. Kd3 Rf2 51. Rxg7+ Kh5 52. Rxf2 Ne6 53. Rf5+ Kh6 54. Rg4 Ne7 55. Rf6+ Kh7 56. Rxe6 Nf5 57. Rg5 1-0


[Site "https://www.chess.com"]

[Event "Titled Tuesday Blitz December 7 2021"]
[White "Zhigalko, Sergei"]
[Black "Gubsky, Egor"]
[WhiteFideId "13502956"]
[BlackFideId "4194055"]
[WhiteElo "2662"]
[BlackElo "2258"]
[Result "1-0"]
[Round "02"]
[TimeControl "180+1"]
[Date "2021.12.07"]
[WhiteClock "0:01:08"]
[BlackClock "0:00:36"]

1. e4 c5 2. Nf3 Nc6 3. c3 d5 4. exd5 Qxd5 5. d4 Bg4 6. dxc5 Qxd1+ 7. Kxd1 e5 8. b4 a5 9. b5 Nd8 10. Be3 Rc8 11. c6 bxc6 12. b6 Rb8 13. Nd2 Nf6 14. Kc2 Bf5+ 15. Kd1 Nd5 16. Nxe5 Nxe3+ 17. fxe3 Rxb6 18. e4 Be6 19. Kc2 Rb8 20. Bc4 Bd6 21. Nd3 Ke7 22. Rab1 Nb7 23. Bxe6 Kxe6 24. Nc4 a4 25. Rb6 Rhc8 26. Rhb1 Nd8 27. Nxd6 Rxb6 28. Nxc8 Ra6 29. Nc5+ 1-0


[Site "https://www.chess.com"]

[Event "Titled Tuesday Blitz December 7 2021"]
[White "crazy_machine"]
[Black "Mitusov, Semen"]
[BlackFideId "14151049"]
[WhiteElo "2780"]
[BlackElo "2246"]
[Result "0-1"]
[Round "02"]
[TimeControl "180+1"]
[Date "2021.12.07"]
[WhiteClock "0:00:01"]
[BlackClock "0:00:12"]

1. d4 d5 2. Nc3 Nf6 3. Bf4 c5 4. e3 cxd4 5. exd4 a6 6. Nf3 Nc6 7. Ne5 e6 8. Nxc6 bxc6 9. Bd3 c5 10. dxc5 Bxc5 11. O-O O-O 12. Qf3 h6 13. Rad1 Bd6 14. Bc1 Rb8 15. Ne2 e5 16. Bf5 e4 17. Qh3 Bxf5 18. Qxf5 Qc7 19. Bxh6 Bxh2+ 20. Kh1 Be5 21. Bc1 Qxc2 22. Qxe5 Qxe2 23. Kg1 Rfe8 24. Qd6 Rbd8 25. Qb6 Qh5 26. Bf4 Ng4 27. Rd4 Rd7 28. Rfd1 Re6 29. Qb8+ Kh7 30. Qa8 Nf6 31. Qc8 Qg4 32. Bg3 Rb6 33. b3 Nh5 34. Bh2 Rg6 35. g3 Nf4 36. Rxd5 Qxd1+ 0-1


[Site "https://www.chess.com"]

[Event "Titled Tuesday Blitz December 7 2021"]
[White "Adly, Ahmed"]
[Black "Harshavardhan G B"]
[WhiteFideId "10601619"]
[BlackFideId "25059009"]
[WhiteElo "2656"]
[BlackElo "1825"]
[Result "0-1"]
[Round "03"]
[TimeControl "180+1"]
[Date "2021.12.07"]
[WhiteClock "0:01:55"]
[BlackClock "0:01:02"]

1. Nf3 Nf6 2. g3 c5 3. Bg2 Nc6 4. O-O e5 5. c3 d5 6. d4 e4 7. Ne5 Be6 8. Nxc6 bxc6 9. c4 cxd4 10. Qxd4 Be7 11. cxd5 cxd5 12. Nc3 O-O 13. Bg5 Rb8 14. Rfd1 h6 15. Bxf6 Bxf6 16. Qxa7 Rxb2 17. Nxe4 Rxe2 18. Nxf6+ Qxf6 19. Qd4 Re1+ 20. Rxe1 Qxd4 21. a4 Ra8 22. a5 Qc3 23. Rec1 Rxa5 24. Rab1 Qf6 0-1


[Site "https://www.chess.com"]

[Event "Titled Tuesday Blitz December 7 2021"]
[White "Andreikin, Dmitry"]
[Black "Saydaliev, Saidakbar"]
[WhiteFideId "4158814"]
[BlackFideId "14203693"]
[WhiteElo "2736"]
[BlackElo "2279"]
[Result "1-0"]
[Round "03"]
[TimeControl "180+1"]
[Date "2021.12.07"]
[WhiteClock "0:01:04"]
[BlackClock "0:00:20"]

1. c4 Nf6 2. Nc3 e5 3. Nf3 Nc6 4. e4 Bb4 5. d3 d6 6. a3 Bc5 7. b4 Bb6 8. Na4 Bg4 9. Nxb6 axb6 10. Bb2 h6 11. Be2 Qd7 12. O-O g5 13. b5 Ne7 14. Bxe5 Qe6 15. Bb2 Bxf3 16. Bxf3 Ng6 17. d4 O-O 18. e5 dxe5 19. dxe5 Nxe5 20. Re1 Nfd7 21. Bxb7 Rad8 22. Bd5 Qf5 23. Qe2 Rfe8 24. h3 Nf6 25. Rad1 Nxd5 26. cxd5 Nd3 27. Qxe8+ Rxe8 28. Rxe8+ Kh7 29. Rh8+ Kg6 30. Rg8+ Kh7 31. Rg7+ Kh8 32. Rxf7+ 1-0


[Site "https://www.chess.com"]